 Dungeon Crawl Stone Soup version 0.30.0-19-g36f170ea60 (webtiles) character file.

Game seed: 683960468288420112

16 Bnni the Digger (level 2, -1/20 HPs)
             Began as a Formicid Earth Elementalist on May 31, 2023.
             Slain by a ball python (2 damage)
             ... on level 2 of the Dungeon.
             The game lasted 00:00:40 (796 turns).

Bnni the Digger (Formicid Earth Elementalist)        Turns: 796, Time: 00:00:40

Health: -1/20      AC:  2    Str: 11    XL:     2   Next: 75%
Magic:  1/5        EV:  9    Int: 13    God:
Gold:   57         SH:  0    Dex: 18    Spells: 4/5 levels left

rFire   . . .        (no weapon)
rCold   . . .        (no shield)
rNeg    . . .        a - +0 robe
rPois   +            (helmet unavailable)
rElec   .            (no cloak)
rCorr   .            (no gloves)
SInv    +            (no boots)
Will    .....        (no amulet)
Stlth   ++           (no ring)
HPRegen 0.23/turn    (no ring)
MPRegen 0.09/turn

%: no passive effects
@: lethally poisoned (-1 -> -9), constricted
A: permanent stasis, dig shafts and tunnels, antennae 3, four strong arms,
hooves 2, agile 1, poison resistance
a: Dig, Shaft Self


You were on level 2 of the Dungeon.
You visited 1 branch of the dungeon, and saw 2 of its levels.

You collected 57 gold pieces.

Inventory:

Armour
 a - a +0 robe (worn)
Scrolls
 c - a scroll of teleportation {unknown}
Potions
 b - a potion of magic
 d - a potion of mutation
 e - 2 potions of heal wounds {unknown}
 f - a potion of resistance {unknown}
 g - a potion of might {unknown}


   Skills:
 + Level 0.8 Fighting
 - Level 1.7 Dodging
 - Level 2.4 Stealth
 + Level 2.4 Spellcasting
 + Level 1.5 Transmutations
 * Level 4.1 Earth Magic


You had 4 spell levels left.
You knew the following spells:

 Your Spells              Type           Power      Damage    Failure   Level
a - Sandblast             Erth           24%        2d8       4%          1

Your spell library contained the following spells:

 Spells                   Type           Power      Damage    Failure   Level
 Passwall                 Tmut/Erth      6%         N/A       12%         2
 Stone Arrow              Conj/Erth      12%        3d7       32%         3
 Hailstorm                Conj/Ice       1%         3d3       58%         3
 Petrify                  Tmut/Erth      8%         N/A       58%         4
 Ice Form                 Ice/Tmut       3%         N/A       87%         4
 Simulacrum               Ice/Necr       0%         N/A       100%        6


Dungeon Overview and Level Annotations

Branches:
Dungeon (1/15)

Altars:


Innate Abilities, Weirdness & Mutations

You cannot be hasted, slowed, berserked, paralysed or teleported.
You can dig through walls and to a lower floor.
You have a pair of large antennae on your head. (SInv)
Your four strong arms can wield two-handed weapons with a shield.
You have hoof-like feet.
You are agile. (Dex +4, Str/Int -1)
Your system is resistant to poisons. (rPois)


Message History

Press: ? - help, Q - select action, (/) - cycle Shift-Dir - straight line, f - adder
Aim: an adder (asleep, 100% to hit)
The blast of sand hits the adder.
The adder is heavily wounded.
The adder hisses angrily.
The ball python hisses angrily.
Unknown command.
Aiming: Sandblast (safe; 4% risk of failure)
Press: ? - help, Q - select action, (/) - cycle Shift-Dir - straight line, f/p - adder
Aim: an adder (heavily wounded, 70% to hit)
The blast of sand misses the adder.
The adder bites you.
You are poisoned.
The adder poisons you! The ball python completely misses you.
The ball python grabs you. The ball python constricts you.
Aiming: Sandblast (safe; 4% risk of failure)
Press: ? - help, Q - select action, (/) - cycle Shift-Dir - straight line, f/p - adder
Aim: an adder (heavily wounded, 70% to hit)
The blast of sand misses the adder.
You feel sick. The adder bites you. The ball python completely misses you.
The ball python constricts you. The adder bites you.
You are more poisoned.
The adder poisons you! The ball python barely misses you.
The ball python constricts you.
Aiming: Sandblast (safe; 4% risk of failure)
Press: ? - help, Q - select action, (/) - cycle Shift-Dir - straight line, f/p - adder
Aim: an adder (heavily wounded, 70% to hit)
The blast of sand misses the adder.
You feel very sick. The adder bites you but does no damage.
The ball python closely misses you. The ball python constricts you.
The adder bites you.
* * * LOW HITPOINT WARNING * * *
You are more poisoned.
The adder poisons you!
It was a potion of mutation.
You feel extremely strange.
Your feet thicken and deform.
You feel agile.
You feel resistant to poisons.
Your feet thicken and deform.
* * * LOW HITPOINT WARNING * * *
You feel sick. The ball python bites you.
You die...

# .# .#
#####.####
#.....$..
#..S..# #
#..@S.#
#.###.....#
#.........#
####.##.###
#.##.#
####.##.#
#..>.##.#
#....##.#
#...###.#


You could see an adder and a ball python.

Vanquished Creatures
  A dart slug (D:1)
  2 endoplasms
  A goblin (D:1)
  5 jackals (D:1)
  A kobold (D:1)
  A quokka (D:1)
11 creatures vanquished.

Notes
Turn   | Place    | Note
-------+----------+-------------------------------------------
     0 | D:1      | Bnni the Formicid Earth Elementalist began the quest for
                  | the Orb.
     0 | D:1      | Reached XP level 1. HP: 13/13 MP: 3/3
   212 | D:1      | Reached XP level 2. HP: 11/20 MP: 0/5
   313 | D:1      | Reached skill level 4 in Earth Magic
   766 | D:1      | You fall into a shaft and drop 1 floor!
   796 | D:2      | Gained mutation: You have large cloven feet. [potion of
                  | mutation]
   796 | D:2      | Gained mutation: You are agile. (Dex +4, Str/Int -1)
                  | [potion of mutation]
   796 | D:2      | Gained mutation: Your system is resistant to poisons.
                  | (rPois) [potion of mutation]
   796 | D:2      | Gained mutation: You have hoof-like feet. [potion of
                  | mutation]
   796 | D:2      | HP: 1/20 [poisoned by an adder]
   796 | D:2      | Slain by a ball python

Illustrated notes

Levels and vault maps discovered:
D:1:      dpeg_chamrin_arrival_tetris, layout_loops_ring
D:2:      layout_loops_ring, corexii_shack, uniq_crazy_yiuf_cottage

Skill      XL: |  1  2 |
---------------+-------+-----
Earth Magic    | 4 |  4.1
Fighting       | |  0.8
Dodging        | |  1.7
Stealth        | |  2.4
Spellcasting   | |  2.4
Transmutations | |  1.5

Action                     || total
---------------------------++-------
  Melee: Unarmed           ||    16
   Cast: Sandblast         ||    17
    Use: Potion            ||     1
 Armour: Robe              ||     3
  Dodge: Dodged            ||    15
